[Event "12th Arad Open 2019"]
[Site "Arad"]
[Date "2019.07.27"]
[Round "5.22"]
[White "Kersten, Julian"]
[Black "Daianu, Cristian-Clement"]
[Result "1/2-1/2"]
[ECO "A80"]
[WhiteElo "1951"]
[BlackElo "2199"]
[Annotator "NA"]
[PlyCount "44"]
[EventDate "2019.07.24"]
[EventType "swiss"]
[EventCountry "ROU"]
[SourceTitle "playchess.com"]
[Source "ChessBase"]
[SourceQuality "1"]
[TimeControl "40/5400+30:900+30"]

1. d4 f5 2. Bg5 h6 3. Bh4 g5 4. e3 Nf6 5. Bg3 d6 6. h4 Rg8 7. Nh3 e6 8. hxg5 hxg5 9. f4 g4 10. Ng5 Qe7 11. Nd2 Nc6 12. Bc4 Bd7 13. Qe2 d5 14. Bb5 Nb4 15. Bxd7+ Qxd7 16. Nb3 O-O-O 17. c3 Na6 18. O-O-O Re8 19. Kb1 Qa4 20. Qc2 Nb8 21. Nd2 Qa6 22. Nb3 Nbd7 1/2-1/2

[Event "12th Arad Open 2019"]
[Site "Arad"]
[Date "2019.07.27"]
[Round "5.23"]
[White "Kantorik, Marian"]
[Black "Obada, Ema"]
[Result "1/2-1/2"]
[ECO "E32"]
[WhiteElo "2196"]
[BlackElo "1946"]
[Annotator "NA"]
[PlyCount "69"]
[EventDate "2019.07.24"]
[EventType "swiss"]
[EventCountry "ROU"]
[SourceTitle "playchess.com"]
[Source "ChessBase"]
[SourceQuality "1"]
[TimeControl "40/5400+30:900+30"]

1. d4 Nf6 2. c4 e6 3. Nc3 Bb4 4. Qc2 O-O 5. e4 d5 6. e5 Ne4 7. Bd3 f5 8. exf6 Nxf6 9. Nf3 c5 10. a3 dxc4 11. Bxc4 cxd4 12. axb4 dxc3 13. bxc3 Qc7 14. Be2 Nd5 15. c4 Nxb4 16. Qb1 N8c6 17. Ng5 g6 18. O-O e5 19. Bf3 a5 20. Bd2 Bf5 21. Be4 Rae8 22. Rd1 Nd4 23. Bxb4 Bxe4 24. Nxe4 axb4 25. Qxb4 Nc2 26. Qa4 Nxa1 27. Nf6+ Rxf6 28. Qxe8+ Rf8 29. Qe6+ Qf7 30. Qxf7+ Rxf7 31. Rxa1 Rc7 32. g3 Rxc4 33. Ra5 e4 34. Rb5 Rc7 35. Re5 1/2-1/2

[Event "12th Arad Open 2019"]
[Site "Arad"]
[Date "2019.07.27"]
[Round "5.24"]
[White "Veress, Armand"]
[Black "Kelly, Ladislau-Endre"]
[Result "1/2-1/2"]
[ECO "B07"]
[WhiteElo "1827"]
[BlackElo "2182"]
[Annotator "NA"]
[PlyCount "70"]
[EventDate "2019.07.24"]
[EventType "swiss"]
[EventCountry "ROU"]
[SourceTitle "playchess.com"]
[Source "ChessBase"]
[SourceQuality "1"]
[TimeControl "40/5400+30:900+30"]

1. e4 d6 2. d4 Nf6 3. Nc3 e5 4. Nf3 exd4 5. Nxd4 Be7 6. Bc4 O-O 7. Bb3 Nc6 8. O-O Nxd4 9. Qxd4 Be6 10. f4 Re8 11. Bd2 c6 12. Qd3 Qc7 13. Rae1 Bxb3 14. axb3 Rad8 15. Qg3 Bf8 16. f5 Nd7 17. f6 Re6 18. Bg5 Rde8 19. h4 h6 20. fxg7 Bxg7 21. Bd2 Nf6 22. Qf3 Qe7 23. h5 Re5 24. Bxh6 Bxh6 25. Qxf6 Qxf6 26. Rxf6 R8e6 27. Ref1 Be3+ 28. Kh2 Rxh5+ 29. Kg3 Rg5+ 30. Kh3 Rh5+ 31. Kg4 Rg5+ 32. Kh3 Rh5+ 33. Kg4 Rg5+ 34. Kh3 Bd4 35. Rxe6 fxe6 1/2-1/2

[Event "12th Arad Open 2019"]
[Site "Arad"]
[Date "2019.07.27"]
[Round "5.26"]
[White "Gratze, Michael"]
[Black "Song, Raymond"]
[Result "0-1"]
[ECO "B06"]
[WhiteElo "2037"]
[BlackElo "2456"]
[Annotator "ChessBase"]
[PlyCount "82"]
[EventDate "2019.07.24"]
[EventType "swiss"]
[EventCountry "ROU"]
[SourceTitle "playchess.com"]
[Source "ChessBase"]
[SourceQuality "1"]
[TimeControl "40/5400+30:900+30"]

1. e4 g6 2. d4 Bg7 3. Nf3 d6 4. Be3 Nd7 5. Qd2 Ngf6 6. Nc3 Ng4 7. Bg5 h6 8. Bh4 c5 9. h3 cxd4 10. Nd5 Ngf6 11. Nxd4 Nxe4 12. Qb4 Nef6 13. Nxf6+ Nxf6 14. O-O-O O-O 15. Bc4 a5 16. Qa3 Bd7 17. Rhe1 Rc8 18. Bb5 Bxb5 19. Nxb5 Rc4 20. Bg3 Qd7 21. Nd4 Rfc8 22. Kb1 Nh5 23. c3 Nxg3 24. fxg3 Bxd4 25. cxd4 Qf5+ 26. Ka1 Qf2 27. Qxa5 Qxg2 28. a3 e6 29. Qb6 Qd5 30. Qb3 b5 31. Qe3 b4 32. Rd3 bxa3 33. Rxa3 h5 34. Rd1 e5 35. Rf1 Rxd4 36. Ra7 Rd1+ 37. Rxd1 Qxd1+ 38. Ka2 Rc1 39. Ka3 Kg7 40. Qf2 Qd3+ 41. Ka2 Qc4+ 0-1

[Event "12th Arad Open 2019"]
[Site "Arad"]
[Date "2019.07.27"]
[Round "5.27"]
[White "Martinovici, Ilie"]
[Black "Breitkopf, Francisc"]
[Result "1-0"]
[ECO "D35"]
[WhiteElo "2407"]
[BlackElo "1994"]
[Annotator "NA"]
[PlyCount "85"]
[EventDate "2019.07.24"]
[EventType "swiss"]
[EventCountry "ROU"]
[SourceTitle "playchess.com"]
[Source "ChessBase"]
[SourceQuality "1"]
[TimeControl "40/5400+30:900+30"]

1. d4 e6 2. c4 d5 3. Nc3 Nf6 4. cxd5 exd5 5. Bg5 c6 6. e3 Bd6 7. Qc2 Be6 8. Bd3 Nbd7 9. Nge2 h6 10. Bf4 Nb6 11. O-O O-O 12. Na4 Nxa4 13. Qxa4 a5 14. Rac1 b5 15. Qc2 Rc8 16. a4 Be7 17. Qb3 Ne4 18. Rc2 Bb4 19. Qa2 Qb6 20. Rfc1 Qb7 21. Nc3 Nxc3 22. bxc3 Be7 23. axb5 cxb5 24. Qxa5 Bd7 25. Qa2 Ra8 26. Qb1 Ra3 27. Rb2 Ra5 28. Re2 f5 29. Ra2 Rxa2 30. Qxa2 Ra8 31. Qb1 Rf8 32. Qb3 Ra8 33. h3 Kh8 34. Rb1 Ra5 35. Be5 Qc6 36. Qb2 Ba3 37. Qc2 Qc8 38. Qb3 Qc6 39. Ra1 Bb4 40. Rxa5 Bxa5 41. Qa3 Qa8 42. Qa4 Kg8 43. Qb3 1-0

[Event "12th Arad Open 2019"]
[Site "Arad"]
[Date "2019.07.27"]
[Round "5.29"]
[White "Gorodetzky, Matan"]
[Black "Panush, Viktor"]
[Result "1-0"]
[ECO "B07"]
[WhiteElo "2290"]
[BlackElo "1957"]
[Annotator "NA"]
[PlyCount "65"]
[EventDate "2019.07.24"]
[EventType "swiss"]
[EventCountry "ROU"]
[SourceTitle "playchess.com"]
[Source "ChessBase"]
[SourceQuality "1"]
[TimeControl "40/5400+30:900+30"]

1. e4 d6 2. d4 Nf6 3. Nc3 c6 4. Nf3 Bg4 5. h3 Bh5 6. Qe2 e6 7. g4 Bg6 8. h4 h5 9. g5 Nfd7 10. Bh3 Be7 11. O-O Qb6 12. a4 Qa6 13. Qd1 b5 14. Nd2 b4 15. Ne2 d5 16. Nf4 Nf8 17. Qf3 Nbd7 18. Re1 Qb6 19. c3 a5 20. Qe3 Qd8 21. c4 dxc4 22. Nxc4 Qc7 23. b3 Bh7 24. Qg3 Bg8 25. d5 Nc5 26. Bb2 f6 27. d6 Bxd6 28. Nxd6+ Qxd6 29. gxf6 gxf6 30. Bxf6 Rh6 31. e5 Qd4 32. Rad1 Qc3 33. Qxg8 1-0

[Event "12th Arad Open 2019"]
[Site "Arad"]
[Date "2019.07.27"]
[Round "5.30"]
[White "Talu, Mircea"]
[Black "Stanciu, Andreea-Briana"]
[Result "1-0"]
[ECO "D31"]
[WhiteElo "2278"]
[BlackElo "1917"]
[Annotator "NA"]
[PlyCount "67"]
[EventDate "2019.07.24"]
[EventType "swiss"]
[EventCountry "ROU"]
[SourceTitle "playchess.com"]
[Source "ChessBase"]
[SourceQuality "1"]
[TimeControl "40/5400+30:900+30"]

1. d4 d5 2. c4 e6 3. Nc3 c6 4. Nf3 dxc4 5. e4 b5 6. Be2 Bb7 7. O-O Bb4 8. e5 Bxc3 9. bxc3 Ne7 10. Ng5 Nd7 11. Ne4 O-O 12. Ba3 c5 13. Nxc5 Nxc5 14. Bxc5 Re8 15. a4 a6 16. Qd2 Nd5 17. f4 f5 18. exf6 Nxf6 19. Qe3 Nd5 20. Qg3 Qc7 21. Rae1 Qa5 22. axb5 axb5 23. Bh5 Red8 24. Bf3 Re8 25. Be4 Qc7 26. Qf3 g6 27. g4 Red8 28. f5 Ra2 29. Qg3 Qxg3+ 30. hxg3 exf5 31. gxf5 Ba8 32. f6 Rd7 33. Bxd5+ Bxd5 34. Re8+ 1-0

[Event "12th Arad Open 2019"]
[Site "Arad"]
[Date "2019.07.27"]
[Round "5.31"]
[White "Vasiesiu, Victor"]
[Black "Ciungan, Diana-Alexandra"]
[Result "1-0"]
[ECO "C84"]
[WhiteElo "2269"]
[BlackElo "1862"]
[Annotator "NA"]
[PlyCount "61"]
[EventDate "2019.07.24"]
[EventType "swiss"]
[EventCountry "ROU"]
[SourceTitle "playchess.com"]
[Source "ChessBase"]
[SourceQuality "1"]
[TimeControl "40/5400+30:900+30"]

1. e4 e5 2. Nf3 Nc6 3. Bb5 a6 4. Ba4 Nf6 5. O-O Be7 6. d3 b5 7. Bb3 O-O 8. Nc3 d6 9. a3 Bg4 10. Be3 Nd4 11. Bxd4 exd4 12. Nd5 c6 13. Nxe7+ Qxe7 14. h3 Bxf3 15. Qxf3 Nd7 16. Qg3 Nc5 17. Ba2 Na4 18. Rab1 Kh8 19. f4 f5 20. Rbe1 Qc7 21. exf5 Rxf5 22. Be6 Rf6 23. f5 Nc5 24. Qh4 Re8 25. Qxd4 h6 26. Qg4 Qe7 27. Re2 Nxe6 28. Rfe1 Qa7+ 29. Kh2 Qc5 30. Rxe6 Ref8 31. Rxf6 1-0

[Event "12th Arad Open 2019"]
[Site "Arad"]
[Date "2019.07.27"]
[Round "5.32"]
[White "Ursente, Tudor-Alexandru"]
[Black "Lyell, Mark"]
[Result "0-1"]
[ECO "A81"]
[WhiteElo "1983"]
[BlackElo "2216"]
[Annotator "NA"]
[PlyCount "68"]
[EventDate "2019.07.24"]
[EventType "swiss"]
[EventCountry "ROU"]
[SourceTitle "playchess.com"]
[Source "ChessBase"]
[SourceQuality "1"]
[TimeControl "40/5400+30:900+30"]

1. d4 f5 2. g3 Nf6 3. Bg2 e6 4. Nf3 Be7 5. b3 a5 6. a4 O-O 7. Bb2 Qe8 8. e3 Nc6 9. O-O d6 10. c4 Nd8 11. Nc3 Nf7 12. Qc2 Nh6 13. Nb5 Bd8 14. c5 d5 15. Ba3 c6 16. Nd6 Qh5 17. Qd1 Bc7 18. Nxc8 Rfxc8 19. Bb2 Nf7 20. Ne5 Qxd1 21. Rfxd1 Nxe5 22. dxe5 Nd7 23. Bd4 Bxe5 24. f4 Bf6 25. Rdc1 Re8 26. Rab1 e5 27. fxe5 Nxe5 28. Rf1 Ng4 29. Rxf5 Nxe3 30. Bxe3 Rxe3 31. b4 Bd4 32. Kf1 axb4 33. Rxb4 Re1+ 34. Kxe1 Bc3+ 0-1

[Event "12th Arad Open 2019"]
[Site "Arad"]
[Date "2019.07.27"]
[Round "5.33"]
[White "Ghimpu, Samuel-Timotei"]
[Black "Morariu, Daniel"]
[Result "1-0"]
[ECO "B40"]
[WhiteElo "2193"]
[BlackElo "1732"]
[Annotator "NA"]
[PlyCount "107"]
[EventDate "2019.07.24"]
[EventType "swiss"]
[EventCountry "ROU"]
[SourceTitle "playchess.com"]
[Source "ChessBase"]
[SourceQuality "1"]
[TimeControl "40/5400+30:900+30"]

1. e4 c5 2. Nf3 e6 3. b3 Nc6 4. Bb2 Nf6 5. e5 Nd5 6. Nc3 Nxc3 7. dxc3 Qc7 8. c4 b6 9. Bd3 h6 10. Qe2 Bb7 11. a3 g5 12. O-O-O O-O-O 13. Kb1 Be7 14. Rhe1 Rhf8 15. Nd2 f6 16. exf6 Bxf6 17. Bxf6 Rxf6 18. Ne4 Nd4 19. Qh5 Bxe4 20. Bxe4 d5 21. Bd3 Kb8 22. f3 dxc4 23. Bxc4 b5 24. Bf1 e5 25. h4 Rg8 26. hxg5 hxg5 27. Re3 c4 28. b4 Kb7 29. Rde1 Nc6 30. g3 Rgg6 31. f4 exf4 32. gxf4 Qxf4 33. Bg2 Kb6 34. Qh8 Rf8 35. Qh7 Qf7 36. Qh5 Rg7 37. Qh2 Qf4 38. Qh6 Qf6 39. Re6 Qxh6 40. Rxh6 Rc7 41. Ree6 Rfc8 42. Kc1 c3 43. Kb1 a5 44. Ka2 a4 45. Kb1 Kb7 46. Kc1 g4 47. Rhg6 Kb6 48. Rd6 g3 49. Kd1 Kb7 50. Ke2 Re7+ 51. Kd3 Rec7 52. Kxc3 Kb6 53. Kd3 Kb7 54. c4 1-0

[Event "12th Arad Open 2019"]
[Site "Arad"]
[Date "2019.07.27"]
[Round "5.34"]
[White "Bucur, Denisa-Andreea"]
[Black "Bulau, Andrei-Cristian"]
[Result "1/2-1/2"]
[ECO "D30"]
[WhiteElo "1943"]
[BlackElo "2169"]
[Annotator "NA"]
[PlyCount "33"]
[EventDate "2019.07.24"]
[EventType "swiss"]
[EventCountry "ROU"]
[SourceTitle "playchess.com"]
[Source "ChessBase"]
[SourceQuality "1"]
[TimeControl "40/5400+30:900+30"]

1. d4 d5 2. c4 e6 3. Nf3 c6 4. Qc2 Nf6 5. g3 Be7 6. Bg2 O-O 7. O-O Ne4 8. Nbd2 f5 9. b3 Nd7 10. a4 Bf6 11. Bb2 g5 12. Rfd1 g4 13. Ne5 Nxd2 14. Qxd2 Bg5 15. Qc2 Nxe5 16. dxe5 Qe8 17. Bc1 1/2-1/2

[Event "12th Arad Open 2019"]
[Site "Arad"]
[Date "2019.07.27"]
[Round "5.35"]
[White "Pavlenko, Bogdan"]
[Black "Talmaci, Chiril"]
[Result "1-0"]
[ECO "A06"]
[WhiteElo "2164"]
[BlackElo "1731"]
[Annotator "NA"]
[PlyCount "57"]
[EventDate "2019.07.24"]
[EventType "swiss"]
[EventCountry "ROU"]
[SourceTitle "playchess.com"]
[Source "ChessBase"]
[SourceQuality "1"]
[TimeControl "40/5400+30:900+30"]

1. g3 d5 2. Nf3 Nf6 3. Bg2 Bf5 4. O-O e6 5. d3 h6 6. c4 c6 7. Be3 Nbd7 8. Qb3 Qb8 9. Bf4 e5 10. Nxe5 Nxe5 11. d4 dxc4 12. Qa4 Nfd7 13. dxe5 Nb6 14. Qa5 Be6 15. Nc3 Be7 16. e4 Nd7 17. Nd5 Bd8 18. Qa3 g5 19. Bd2 cxd5 20. exd5 Bf5 21. Bc3 Rg8 22. Rfe1 Rg6 23. Rad1 Qc8 24. e6 fxe6 25. dxe6 Nb6 26. e7 Bc7 27. Rd8+ Qxd8 28. exd8=Q+ Kxd8 29. Qf8+ 1-0

[Event "12th Arad Open 2019"]
[Site "Arad"]
[Date "2019.07.27"]
[Round "5.36"]
[White "Ciorica, Mihai-Vlad"]
[Black "Tinica, Gabriel"]
[Result "1/2-1/2"]
[ECO "A57"]
[WhiteElo "2110"]
[BlackElo "1712"]
[Annotator "NA"]
[PlyCount "152"]
[EventDate "2019.07.24"]
[EventType "swiss"]
[EventCountry "ROU"]
[SourceTitle "playchess.com"]
[Source "ChessBase"]
[SourceQuality "1"]
[TimeControl "40/5400+30:900+30"]

1. d4 Nf6 2. c4 c5 3. d5 b5 4. Qc2 bxc4 5. e4 d6 6. Bxc4 g6 7. Nf3 Bg7 8. O-O O-O 9. Nc3 Nbd7 10. Re1 Nb6 11. Bf1 e6 12. dxe6 Bxe6 13. h3 d5 14. e5 Nfd7 15. Bg5 Qc7 16. Nb5 Qb7 17. Be7 Nxe5 18. Bxf8 Nxf3+ 19. gxf3 Bxf8 20. Nc3 Qe7 21. f4 Qh4 22. Qd3 Qxf4 23. Qg3 Qf6 24. Rad1 Rd8 25. Bg2 Bh6 26. Qc7 Bf4 27. Qxc5 Qg5 28. Rd3 Rc8 29. Qb5 Bd7 30. Qa6 Bf5 31. Rf3 d4 32. Ne2 Be4 33. Nxd4 Bxf3 34. Nxf3 Qc5 35. Qxa7 Ra8 36. Qb7 Bg3 37. Rf1 Rxa2 38. Ne1 Bc7 39. Nd3 Qd6 40. Rc1 Qxd3 41. Qxc7 Qd4 42. Qc3 Qxc3 43. bxc3 Na4 44. c4 Nc5 45. Rd1 Rc2 46. Bd5 Ne6 47. Bxe6 fxe6 48. Rd4 Kf7 49. Kg2 e5 50. Rd7+ Ke6 51. Rc7 Rc3 52. c5 g5 53. c6 h5 54. Rc8 Kf7 55. c7 Kg7 56. Kf1 e4 57. Ke2 Rc2+ 58. Ke3 Rc4 59. Kd2 Rc6 60. Ke3 Rc4 61. Re8 Rxc7 62. Kxe4 Rc2 63. Kf5 Rxf2+ 64. Kxg5 Rh2 65. h4 Rh1 66. Re7+ Kh8 67. Kg6 Rg1+ 68. Kh6 Rg2 69. Rh7+ Kg8 70. Ra7 Kh8 71. Ra5 Rg3 72. Kxh5 Rg1 73. Rg5 Rxg5+ 74. hxg5 Kh7 75. g6+ Kg7 76. Kg5 Kg8 1/2-1/2

[Event "12th Arad Open 2019"]
[Site "Arad"]
[Date "2019.07.27"]
[Round "5.38"]
[White "Avramescu, Paul-Mihai"]
[Black "Dospin, Florin-Andrei"]
[Result "1-0"]
[ECO "D81"]
[WhiteElo "2061"]
[BlackElo "1617"]
[Annotator "NA"]
[PlyCount "41"]
[EventDate "2019.07.24"]
[EventType "swiss"]
[EventCountry "ROU"]
[SourceTitle "playchess.com"]
[Source "ChessBase"]
[SourceQuality "1"]
[TimeControl "40/5400+30:900+30"]

1. d4 Nf6 2. c4 g6 3. Nc3 d5 4. Qb3 c6 5. cxd5 Nxd5 6. e4 Nxc3 7. bxc3 Bg7 8. Nf3 O-O 9. Ba3 Qc7 10. Be2 Re8 11. O-O e5 12. Rfe1 Be6 13. d5 cxd5 14. exd5 Bg4 15. d6 Qb6 16. Bb5 Bd7 17. Rab1 Bxb5 18. Ng5 Nc6 19. Nxf7 Bd3 20. Nh6+ Kh8 21. Nf7+ 1-0

[Event "12th Arad Open 2019"]
[Site "Arad"]
[Date "2019.07.27"]
[Round "5.39"]
[White "Mihai, Cristian"]
[Black "Kutnik, Alexandru-Francisc"]
[Result "0-1"]
[ECO "A40"]
[WhiteElo "1903"]
[BlackElo "2043"]
[Annotator "NA"]
[PlyCount "166"]
[EventDate "2019.07.24"]
[EventType "swiss"]
[EventCountry "ROU"]
[SourceTitle "playchess.com"]
[Source "ChessBase"]
[SourceQuality "1"]
[TimeControl "40/5400+30:900+30"]

1. d4 g6 2. c4 Bg7 3. e4 c5 4. d5 d6 5. Ne2 Nf6 6. Nbc3 O-O 7. Ng3 e5 8. Be2 Na6 9. h4 h6 10. Be3 Nc7 11. Qd2 Kh7 12. f3 a6 13. a4 b6 14. h5 g5 15. Nf5 Bxf5 16. exf5 Qd7 17. Bd3 Rfb8 18. Kf2 Qe7 19. g4 Kh8 20. Be4 Rb7 21. Rhb1 Rab8 22. b3 b5 23. Qc2 Nd7 24. Ra2 bxc4 25. bxc4 Rxb1 26. Nxb1 Rb4 27. Bd2 a5 28. Bxb4 cxb4 29. Nd2 Na6 30. Nb3 Qd8 31. Qd3 Qc7 32. Kg2 Bf8 33. Qe2 Be7 34. Bd3 f6 35. Bc2 Bd8 36. c5 Naxc5 37. Qb5 Nxb3 38. Bxb3 Nc5 39. Qe8+ Kg7 40. Qg6+ Kf8 41. Qxh6+ Ke8 42. Qh8+ Kd7 43. Qg7+ Be7 44. h6 Nxb3 45. h7 Nc1 46. Rf2 Nd3 47. h8=Q Qc5 48. Qxe7+ Kxe7 49. Qg7+ Ke8 50. Qg8+ Kd7 51. Qe6+ Kc7 52. Qe7+ Kc8 53. Qe8+ Kb7 54. Qd7+ Ka6 55. Rd2 Ne1+ 56. Kh3 Nxf3 57. Qd8 Kb7 58. Qd7+ Qc7 59. Qb5+ Ka7 60. Rg2 Nd4 61. Qe8 b3 62. Kh2 Qh7+ 63. Qh5 Qb7 64. Rb2 Qxd5 65. Qh7+ Qb7 66. Qg8 d5 67. Qd8 Ka6 68. Qd6+ Qc6 69. Qd8 e4 70. Kg2 Qc3 71. Qa8+ Kb6 72. Qb8+ Kc5 73. Qa7+ Kb4 74. Rf2 e3 75. Qb7+ Kxa4 76. Qd7+ Qc6 77. Qa7 Nb5 78. Qxe3 d4+ 79. Qf3 Qxf3+ 80. Kxf3 Kb4 81. Ke4 a4 82. Kd5 a3 83. Ke6 b2 0-1

[Event "12th Arad Open 2019"]
[Site "Arad"]
[Date "2019.07.28"]
[Round "6.1"]
[White "Istratescu, Andrei"]
[Black "Mastrovasilis, Dimitrios"]
[Result "1/2-1/2"]
[ECO "D35"]
[WhiteElo "2555"]
[BlackElo "2589"]
[Annotator "ChessBase"]
[PlyCount "132"]
[EventDate "2019.07.24"]
[EventType "swiss"]
[EventCountry "ROU"]
[SourceTitle "playchess.com"]
[Source "ChessBase"]
[SourceQuality "1"]
[TimeControl "40/5400+30:900+30"]

1. c4 e6 2. d4 d5 3. Nc3 Nf6 4. cxd5 Nxd5 5. e4 Nxc3 6. bxc3 c5 7. Rb1 Be7 8. Bb5+ Bd7 9. Bxd7+ Qxd7 10. Nf3 cxd4 11. Qxd4 Qxd4 12. cxd4 b6 13. Bf4 Nd7 14. Ke2 O-O 15. Rhc1 Rac8 16. a4 Ba3 17. Rxc8 Rxc8 18. Kd3 Kf8 19. Nd2 e5 20. Bxe5 Nxe5+ 21. dxe5 Rd8+ 22. Kc2 Rd4 23. a5 Bb4 24. Nf3 Rxe4 25. axb6 axb6 26. Kd3 Rf4 27. Ng5 Bc5 28. Ne4 Rf5 29. Nxc5 bxc5 30. f3 Rxe5 31. Rb7 g5 32. g4 Kg7 33. Rc7 Kg6 34. Rc6+ f6 35. Kd2 h6 36. Kd3 Kf7 37. Rc7+ Ke6 38. Rh7 Kd5 39. Rd7+ Ke6 40. Rh7 Kd5 41. Rxh6 c4+ 42. Kd2 Re6 43. Rh8 Ke5 44. h4 gxh4 45. Rxh4 Kf4 46. g5+ Kxg5 47. Rg4+ Kh5 48. Rxc4 f5 49. Rc1 Kg5 50. Re1 Ra6 51. Ke3 Ra3+ 52. Kf2 Kf4 53. Rb1 Ra2+ 54. Kf1 Kg3 55. f4 Rf2+ 56. Kg1 Rxf4 57. Rb2 Rf3 58. Rg2+ Kh3 59. Rh2+ Kg4 60. Rg2+ Rg3 61. Kf2 f4 62. Rxg3+ fxg3+ 63. Kg2 Kf4 64. Kg1 Kf3 65. Kf1 g2+ 66. Kg1 Kg3 1/2-1/2

[Event "12th Arad Open 2019"]
[Site "Arad"]
[Date "2019.07.28"]
[Round "6.2"]
[White "Nester, Ihor"]
[Black "Costachi, Mihnea"]
[Result "1/2-1/2"]
[ECO "E62"]
[WhiteElo "2361"]
[BlackElo "2471"]
[Annotator "ChessBase"]
[PlyCount "111"]
[EventDate "2019.07.24"]
[EventType "swiss"]
[EventCountry "ROU"]
[SourceTitle "playchess.com"]
[Source "ChessBase"]
[SourceQuality "1"]
[TimeControl "40/5400+30:900+30"]

1. Nf3 Nf6 2. c4 g6 3. d4 Bg7 4. g3 O-O 5. Bg2 d6 6. O-O Nc6 7. Nc3 e5 8. d5 Nb8 9. e4 a5 10. Ne1 Na6 11. Nd3 Nd7 12. Be3 f5 13. f3 f4 14. Bf2 h5 15. Na4 b6 16. a3 Ndc5 17. Naxc5 Nxc5 18. Nxc5 bxc5 19. b4 axb4 20. axb4 Rxa1 21. Qxa1 cxb4 22. Rb1 g5 23. Rxb4 g4 24. Rb8 Qg5 25. Qa8 gxf3 26. Rxc8 fxg2 27. Rxf8+ Bxf8 28. Kxg2 Qg6 29. Qc8 fxg3 30. hxg3 Qxe4+ 31. Kg1 Qb1+ 32. Kg2 Qe4+ 33. Kg1 Qh7 34. Kg2 Qf7 35. Be3 Kh7 36. Bg5 e4 37. Bf4 Bg7 38. Qd8 Bh6 39. Bxh6 Kxh6 40. Qh4 Qf3+ 41. Kh2 Qf2+ 42. Kh3 Qf5+ 43. Kg2 Qf3+ 44. Kh2 Qf2+ 45. Kh3 e3 46. Qe4 Qf1+ 47. Kh4 Qf6+ 48. Kh3 Qf1+ 49. Kh4 Qf6+ 50. Kh3 Kg7 51. Qxe3 Qf5+ 52. Kg2 Qc2+ 53. Kh3 Qf5+ 54. Kg2 Qc2+ 55. Kh3 Qf5+ 56. Kg2 1/2-1/2

[Event "12th Arad Open 2019"]
[Site "Arad"]
[Date "2019.07.28"]
[Round "6.3"]
[White "Ciorgovean, Iustin"]
[Black "Gorodetzky, David"]
[Result "0-1"]
[ECO "A06"]
[WhiteElo "2330"]
[BlackElo "2461"]
[Annotator "ChessBase"]
[PlyCount "84"]
[EventDate "2019.07.24"]
[EventType "swiss"]
[EventCountry "ROU"]
[SourceTitle "playchess.com"]
[Source "ChessBase"]
[SourceQuality "1"]
[TimeControl "40/5400+30:900+30"]

1. Nf3 d5 2. g3 Nf6 3. Bg2 e6 4. O-O c5 5. c4 d4 6. e3 Nc6 7. exd4 cxd4 8. d3 Be7 9. Na3 O-O 10. Nc2 a5 11. Re1 Bd6 12. a3 e5 13. Bg5 h6 14. Bxf6 Qxf6 15. Nd2 Qd8 16. Rb1 a4 17. b4 axb3 18. Rxb3 Ra7 19. Nb4 Bd7 20. Qb1 Re8 21. Nd5 Na5 22. Rb2 Bxa3 23. Ra2 Bf8 24. Qb6 Qxb6 25. Nxb6 Bc6 26. Rb1 Ra6 27. Raa1 Bxg2 28. Kxg2 Nc6 29. Nd5 Rxa1 30. Rxa1 Nb4 31. Nxb4 Bxb4 32. Nf3 Bc3 33. Rb1 f5 34. Rxb7 e4 35. dxe4 fxe4 36. Ng1 d3 37. Rd7 d2 38. Ne2 Ba5 39. f3 Rb8 40. c5 Rb1 41. Nc3 exf3+ 42. Kh3 f2 0-1

[Event "12th Arad Open 2019"]
[Site "Arad"]
[Date "2019.07.28"]
[Round "6.4"]
[White "Jianu, Vlad-Cristian"]
[Black "Ileana, George"]
[Result "1-0"]
[ECO "A15"]
[WhiteElo "2523"]
[BlackElo "2344"]
[Annotator "ChessBase"]
[PlyCount "69"]
[EventDate "2019.07.24"]
[EventType "swiss"]
[EventCountry "ROU"]
[SourceTitle "playchess.com"]
[Source "ChessBase"]
[SourceQuality "1"]
[TimeControl "40/5400+30:900+30"]

1. c4 Nf6 2. Nf3 e6 3. g3 b6 4. Bg2 Bb7 5. O-O Be7 6. Nc3 O-O 7. Re1 d6 8. e4 e5 9. d4 Nbd7 10. b3 Re8 11. Bb2 c6 12. Qc2 Qc7 13. Rad1 a6 14. c5 dxc5 15. dxe5 Ng4 16. Na4 b5 17. Rxd7 Qxd7 18. Nb6 Qc7 19. Nxa8 Rxa8 20. h3 Nh6 21. Ba3 c4 22. Bxe7 Qxe7 23. bxc4 Qc5 24. Rd1 Re8 25. Qd2 Bc8 26. cxb5 cxb5 27. Rc1 Qe7 28. g4 Kh8 29. Qd6 Ng8 30. Rc7 Qf8 31. Qxf8 Rxf8 32. Ng5 Nh6 33. f4 f6 34. exf6 gxf6 35. Nxh7 1-0

[Event "12th Arad Open 2019"]
[Site "Arad"]
[Date "2019.07.28"]
[Round "6.5"]
[White "Schitco, Ivan"]
[Black "Bonte, Andrei-Mihai"]
[Result "1/2-1/2"]
[ECO "A18"]
[WhiteElo "2462"]
[BlackElo "2337"]
[Annotator "ChessBase"]
[PlyCount "45"]
[EventDate "2019.07.24"]
[EventType "swiss"]
[EventCountry "ROU"]
[SourceTitle "playchess.com"]
[Source "ChessBase"]
[SourceQuality "1"]
[TimeControl "40/5400+30:900+30"]

1. c4 Nf6 2. Nc3 e6 3. e4 d5 4. cxd5 exd5 5. e5 d4 6. exf6 dxc3 7. Bb5+ Nc6 8. Qe2+ Be6 9. dxc3 Qxf6 10. Nf3 Bc5 11. Ng5 O-O 12. Nxe6 Qxe6 13. Qxe6 fxe6 14. f3 Ne5 15. Ke2 Rad8 16. Rd1 Rd5 17. Ba4 Ng6 18. Rxd5 exd5 19. Bc2 Nh4 20. Kf1 Nf5 21. Bd2 Ne3+ 22. Bxe3 Bxe3 23. Re1 1/2-1/2

[Event "12th Arad Open 2019"]
[Site "Arad"]
[Date "2019.07.28"]
[Round "6.6"]
[White "David, Alexandru-Vasile"]
[Black "Florescu, Codrut-Constantin"]
[Result "1-0"]
[ECO "E12"]
[WhiteElo "2428"]
[BlackElo "2312"]
[Annotator "NA"]
[PlyCount "117"]
[EventDate "2019.07.24"]
[EventType "swiss"]
[EventCountry "ROU"]
[SourceTitle "playchess.com"]
[Source "ChessBase"]
[SourceQuality "1"]
[TimeControl "40/5400+30:900+30"]

1. d4 Nf6 2. c4 e6 3. Nf3 b6 4. a3 Bb7 5. Nc3 Ne4 6. Nxe4 Bxe4 7. Nd2 Bb7 8. e4 Qf6 9. d5 Bc5 10. Nf3 Qg6 11. b4 Qxe4+ 12. Be2 Bd6 13. O-O Qg6 14. Bb2 O-O 15. Bd3 Qh5 16. Re1 a5 17. c5 bxc5 18. bxc5 Bxh2+ 19. Nxh2 Qxd1 20. Raxd1 Bxd5 21. Ng4 Nc6 22. Bc2 Rfb8 23. Ba1 Rb5 24. Ne3 Rxc5 25. Rc1 Kf8 26. Nxd5 exd5 27. Bf5 Rxc1 28. Rxc1 Ke7 29. Bxg7 h5 30. Rd1 Kd6 31. Bh6 Ne5 32. Bf4 f6 33. Kf1 Rb8 34. Rb1 Rxb1+ 35. Bxb1 c5 36. g3 Ke6 37. Ke2 Nc4 38. Bc1 f5 39. Bd3 Nd6 40. a4 c4 41. Bb1 d4 42. Bd2 Nb7 43. Ke1 c3 44. Bh6 Kf6 45. Bf8 d6 46. Ke2 f4 47. Kd3 Nc5+ 48. Kc4 fxg3 49. fxg3 Nxa4 50. Bxd6 Nb6+ 51. Kxd4 a4 52. Bc2 Ke6 53. Ba3 Nd7 54. Bxa4 Ne5 55. Ke4 Ng6 56. Be8 Kf6 57. Bxg6 Kxg6 58. Kd3 Kf5 59. Be7 {[%emt 0:00:04] Ke4+ Kxe4} 1-0

[Event "12th Arad Open 2019"]
[Site "Arad"]
[Date "2019.07.28"]
[Round "6.7"]
[White "Petrisor, Adrian-Marian"]
[Black "Visanescu, Daria-Ioana"]
[Result "0-1"]
[ECO "B94"]
[WhiteElo "2422"]
[BlackElo "2079"]
[Annotator "NA"]
[PlyCount "60"]
[EventDate "2019.07.24"]
[EventType "swiss"]
[EventCountry "ROU"]
[SourceTitle "playchess.com"]
[Source "ChessBase"]
[SourceQuality "1"]
[TimeControl "40/5400+30:900+30"]

1. e4 c5 2. Nf3 d6 3. d4 cxd4 4. Nxd4 Nf6 5. Nc3 a6 6. Bg5 Nbd7 7. f4 Qc7 8. Qe2 e6 9. O-O-O b5 10. g4 b4 11. Nd5 exd5 12. exd5+ Be7 13. Nc6 O-O 14. Nxe7+ Kh8 15. Qg2 a5 16. Nxc8 Rfxc8 17. Bd3 b3 18. Bxf6 bxa2 19. Bxg7+ Kxg7 20. Kd2 Qb6 21. g5 Nc5 22. Bf5 Re8 23. Qh3 Ne4+ 24. Bxe4 Rxe4 25. Qc3+ Kg8 26. b3 a4 27. Rhf1 axb3 28. cxb3 Rd4+ 29. Kc2 Rxd1 30. Rxd1 Qf2+ 0-1